 Dungeon Sprint DCSS version 0.22.1-2-g9c5b331 (webtiles) character file.

4151 diana the Nimble (level 9, -1/91 HPs)
             Began as a Demigod Gladiator on Nov 28, 2018.
             Slain by an 11-headed hydra (6 damage)
             ... in the Dungeon (Sprint IX: "|||||||||||||||||||||||||||||").
             The game lasted 00:05:21 (1897 turns).

diana the Nimble (Demigod Gladiator)                Turns: 1897, Time: 00:05:22

Health: -1/91      AC:  9    Str: 26    XL:     9   Next: 80%
Magic:  11/11      EV: 22    Int: 12    God:
Gold:   0          SH:  0    Dex: 17    Spells: 8/8 levels left

rFire    . . .     SeeInvis .   q - +2 scimitar (freeze)
rCold    . . .     Gourm    .   (no shield)
rNeg     . . .     Faith    .   t - +2 ring mail
rPois    .         Spirit   .   c - +0 helmet
rElec    .         Reflect  .   r - +0 cloak
rCorr    .         Harm     .   (no gloves)
MR       .....     NoTele   +   (no boots)
Stlth    +.........             (no amulet)
HPRegen  0.25/turn              o - +2 ring of evasion
MPRegen  0.12/turn              p - +3 ring of strength

@: no status effects
A: high mp 1
a: no special abilities


You were in the Dungeon.
You were not hungry.

You visited 1 branch

Inventory:

Hand Weapons
 a - a +0 long sword
 q - a +2 scimitar of freezing (weapon)
Missiles
 d - 3 throwing nets (quivered)
Armour
 c - a +0 helmet (worn)
 r - a +0 cloak (worn)
 t - a +2 ring mail (worn)
 u - a +3 leather armour of cold resistance
Jewellery
 o - a +2 ring of evasion (left hand)
 p - a +3 ring of strength (right hand)
Scrolls
 k - 2 scrolls of blinking
 l - 3 scrolls of remove curse
 m - 2 scrolls of amnesia
 v - 7 scrolls of identify
Potions
 b - a potion of brilliance
 e - 6 potions of curing
 g - a potion of invisibility
 h - 2 potions of haste
 i - 4 potions of magic
 j - 4 potions of heal wounds
 s - 2 potions of agility


   Skills:
 + Level 12.5 Fighting
 + Level 12.6 Long Blades
 - Level 1.7 Throwing
 + Level 12.6 Dodging


You had 8 spell levels left.
You didn't know any spells.
Your spell library was empty.

Dungeon Overview and Level Annotations

Branches:
Dungeon (1/1)


Innate Abilities, Weirdness & Mutations

You have an increased reservoir of magic. (+10% MP)


Message History

The ten-headed hydra bites you!
* * * LOW HITPOINT WARNING * * *
The ten-headed hydra completely misses you.
The ten-headed hydra bites you but does no damage.
The ten-headed hydra closely misses you.
The ten-headed hydra bites you.
* * * LOW HITPOINT WARNING * * *
The ten-headed hydra bites you but does no damage. x2
The ten-headed hydra bites you!
* * * LOW HITPOINT WARNING * * *
The ten-headed hydra barely misses you.
The ten-headed hydra closely misses you.
You chop one of the ten-headed hydra's heads off!
The nine-headed hydra grows two more!
You slash the 11-headed hydra! You freeze the 11-headed hydra.
The 11-headed hydra is heavily wounded.
The 11-headed hydra completely misses you.
The 11-headed hydra bites you but does no damage.
The 11-headed hydra bites you.
You die...

▓▓▓▓▓▓▓▓▓▓▓▓▓▓▓▓▓▓▓▓▓▓▓▓▓▓▓
..|)..[..)......)).....'..▓
▓▓▓▓▓▓▓▓▓▓▓▓▓▓▓▓▓▓▓▓▓▓▓▓▓.▓
..............†D@.........▓
▓▓▓▓▓▓▓▓▓▓▓▓▓▓▓▓▓▓▓▓▓▓▓▓▓▓▓


You could see a 11-headed hydra.

Vanquished Creatures
  A hydra (D)
  A deep elf mage (D)
  A black mamba (D)
  A rime drake (D)
  4 spiny frogs (D)
  A hippogriff (D)
  2 yaks (D)
  4 water moccasins (D)
  A porcupine (D)
  A sky beast (D)
  A phantom (D)
  A wolf (D)
  A jelly (D)
  3 orc wizards (D)
  A worker ant (D)
  A shadow imp (D)
  An adder zombie (D)
  An adder skeleton (D)
  A dart slug (D)
  An orc (D)
  A bat zombie (D)
  A giant cockroach (D)
  A ball python (D)
  A ball python skeleton (D)
  A frilled lizard (D)
  2 leopard gecko skeletons (D)
  A rat (D)
37 creatures vanquished.

Notes
Turn   | Place    | Note
-------+----------+-------------------------------------------
     0 | D        | diana the Demigod Gladiator began the quest for the Orb.
     0 | D        | Reached XP level 1. HP: 17/17 MP: 3/3
    38 | D        | Noticed a phantom
    38 | D        | Noticed an orc wizard
    38 | D        | Noticed a worker ant
    38 | D        | Noticed an orc wizard
    38 | D        | Noticed a jelly
    45 | D        | Killed an orc wizard
    45 | D        | Reached XP level 2. HP: 27/27 MP: 4/4
    45 | D        | Reached XP level 3. HP: 33/33 MP: 5/5
    53 | D        | Reached skill level 5 in Long Blades
    53 | D        | Reached skill level 5 in Dodging
    53 | D        | Reached XP level 4. HP: 41/41 MP: 6/6
    56 | D        | Reached skill level 5 in Fighting
    86 | D        | Killed a phantom
    86 | D        | Reached XP level 5. HP: 32/50 MP: 7/7
   203 | D        | Found a roughly hewn altar of Beogh.
   203 | D        | Found a snail-covered altar of Cheibriados.
   203 | D        | Found a shadowy altar of Dithmenos.
   203 | D        | Found a white marble altar of Elyvilon.
   203 | D        | Found a blossoming altar of Fedhas.
   203 | D        | Found an opulent altar of Gozag.
   204 | D        | Found a hazy altar of Hepliaklqana.
   205 | D        | Found a viscous altar of Jiyva.
   206 | D        | Found an ancient bone altar of Kikubaaqudgha.
   207 | D        | Found a corrupted altar of Lugonu.
   208 | D        | Found a burning altar of Makhleb.
   209 | D        | Found a sparkling altar of Nemelex Xobeh.
   210 | D        | Found an iron altar of Okawaru.
   211 | D        | Found a stormy altar of Qazlal.
   212 | D        | Found a sacrificial altar of Ru.
   213 | D        | Found a deep blue altar of Sif Muna.
   214 | D        | Found a bloodstained altar of Trog.
   215 | D        | Found a hide-covered altar of Uskayaw.
   216 | D        | Found a radiant altar of Vehumet.
   217 | D        | Found an ornate altar of the Wu Jian Council.
   218 | D        | Found a shimmering altar of Xom.
   219 | D        | Found a basalt altar of Yredelemnul.
   220 | D        | Found a glowing silver altar of Zin.
   221 | D        | Found a glowing golden altar of the Shining One.
   283 | D        | Noticed a sky beast
   283 | D        | Noticed a yak
   288 | D        | Killed a sky beast
   301 | D        | Killed a yak
   301 | D        | Reached XP level 6. HP: 52/61 MP: 8/8
   344 | D        | Noticed a deep elf mage
   353 | D        | Killed a deep elf mage
   353 | D        | Reached XP level 7. HP: 70/70 MP: 9/9
   515 | D        | Noticed an eight-headed hydra
   515 | D        | Noticed a spiny frog
   515 | D        | Noticed a yak
   515 | D        | Noticed a spiny frog
   516 | D        | Noticed a spiny frog
   517 | D        | Killed a spiny frog
   938 | D        | Killed a yak
   938 | D        | Reached skill level 10 in Long Blades
   938 | D        | Reached skill level 10 in Dodging
   938 | D        | Reached XP level 8. HP: 79/79 MP: 10/10
   940 | D        | Reached skill level 10 in Fighting
   943 | D        | Killed a spiny frog
   944 | D        | Noticed a rime drake
   947 | D        | Killed a spiny frog
   960 | D        | Killed a rime drake
  1201 | D        | Reached XP level 9. HP: 89/89 MP: 11/11
  1376 | D        | Killed a ten-headed hydra
  1443 | D        | Noticed a black mamba
  1443 | D        | Noticed a five-headed hydra
  1447 | D        | Noticed a spiny frog
  1449 | D        | Noticed an elephant
  1548 | D        | Killed a black mamba
  1891 | D        | Killed a spiny frog
  1897 | D        | Slain by an 11-headed hydra

Skill      XL: |  1  2  3  4  5  6  7  8  9 |
---------------+----------------------------+-----
Fighting       | 3 4 6 7 9 11 12 | 12.5
Long Blades    | 4 5 6 8 9 10 11 12 | 12.6
Dodging        | 4 5 6 8 9 10 11 12 | 12.6
Throwing       | |  1.7

Action                   |  1- 3 |  4- 6 |  7- 9 || total
-------------------------+-------+-------+-------++-------
Melee: Long sword        |    20 |    16 |       ||    36
       Scimitar          |       |    30 |    72 ||   102
Evoke: Wand              |       |       |    10 ||    10
  Use: Potion            |     1 |     1 |       ||     2
 Stab: Sleeping          |     1 |       |       ||     1
  Eat: Ration            |       |       |     1 ||     1
Armor: Leather armour    |     3 |     2 |       ||     5
       Ring mail         |       |     6 |    30 ||    36
Dodge: Dodged            |    10 |    25 |    82 ||   117
       Rpst.: Long sword |     7 |     3 |       ||    10
       Scimitar          |       |     6 |     9 ||    15
